General information
- name: BNet
- type: Ladder team game (AT/RT)
- host: Battle.net
- saver: OnlyEuropaKnows
map: Cherryville
- players: 8
- length: 66:19
- speed: Fast
- version: 1.26 W3XP
- replay type: Public
» download(400 KB)
Players
team 1 (loser)

»
Shruicane (
orange | 90 APM | 4224 actions | 46:50)
8 Mountain King
3 Storm Bolt
3 Bash
1 Avatar
1 Thunder Clap
» actions
| Assign group hotkey | 71 | |
| Basic commands | 17 | |
| Build / train | 178 | |
| Enter build submenu | 51 | |
| Enter hero's abilities submenu | 8 | |
| Give item / drop item | 3 | |
| Remove unit from queue | 9 | |
| Right click | 1490 | |
| Select / deselect | 777 | |
| Select group hotkey | 1504 | |
| Use ability | 115 | |
4224 total
» units
| Peasant | 17 | |
| Footman | 5 | |
| Rifleman | 5 | |
| Knight | 16 | |
| Sorceress | 6 | |
| Priest | 10 | |
| Spell Breaker | 10 | |
| Flying Machine | 41 | |
| Mortar Team | 5 | |
115 total
» upgrades
| Long Rifles | 1 | |
| Sorceress Training | 0 | |
| Priest Training | 3 | |
| Magic Sentry | 1 | |
| Animal War Training | 1 | |
| Swords | 2 | |
| Plating | 1 | |
| Flak Cannons | 1 | |
| Flying Machine Bombs | 1 | |
11 total
» buildings
| Altar of Kings | 1 | |
| Farm | 11 | |
| Barracks | 2 | |
| Scout Tower | 10 | |
| Arcane Vault | 1 | |
| Arcane Tower | 1 | |
| Blacksmith | 1 | |
| Lumber Mill | 3 | |
| Keep | 1 | |
| Castle | 1 | |
| Arcane Sanctum | 2 | |
| Workshop | 1 | |
| Town Hall | 2 | |
| Guard Tower | 9 | |
46 total
» build order
00:06 Altar of Kings
00:20 Farm
00:22 Farm
00:37 Barracks
01:27 Scout Tower
01:53 Arcane Vault
02:18 Arcane Tower
02:22 Farm
02:50 Blacksmith
03:15 Lumber Mill
03:38 Farm
04:25 Keep
06:16 Farm
06:18 Farm
06:50 Castle
08:10 Arcane Sanctum
08:20 Farm
10:23 Arcane Sanctum
10:31 Workshop
13:11 Farm
13:12 Farm
13:15 Farm
18:19 Town Hall
20:04 Town Hall
20:24 Farm
22:44 Scout Tower
22:47 Scout Tower
23:13 Guard Tower
23:16 Scout Tower
23:17 Scout Tower
23:38 Guard Tower
23:39 Scout Tower
23:42 Guard Tower
23:46 Scout Tower
23:53 Scout Tower
23:55 Guard Tower
23:57 Guard Tower
24:00 Scout Tower
24:01 Scout Tower
24:14 Guard Tower
24:25 Guard Tower
24:33 Guard Tower
24:36 Guard Tower
25:43 Lumber Mill
25:58 Lumber Mill
29:05 Barracks
» items
| Scroll of Regeneration | 9 | |
| Lesser Clarity Potion | 6 | |
| Scroll of Town Portal | 6 | |
| Potion of Healing | 2 | |
23 total

»
RefleXx (
green | 52 APM | 2868 actions | 54:58)
7 Death Knight
3 Death Coil
3 Unholy Aura
1 Animate Dead
5 Lich
3 Frost Nova
2 Frost Armor
» actions
| Assign group hotkey | 96 | |
| Basic commands | 3 | |
| Build / train | 89 | |
| Enter build submenu | 22 | |
| Enter hero's abilities submenu | 12 | |
| Give item / drop item | 5 | |
| Remove unit from queue | 2 | |
| Right click | 1321 | |
| Select / deselect | 918 | |
| Select group hotkey | 287 | |
| Use ability | 113 | |
2868 total
» units
| Acolyte | 20 | |
| Ghoul | 3 | |
| Crypt Fiend | 18 | |
| Frost Wyrm | 6 | |
47 total
» upgrades
| Web | 1 | |
| Creature Attack | 3 | |
| Creature Carapace | 3 | |
| Freezing Breath | 1 | |
8 total
» buildings
| Graveyard | 1 | |
| Crypt | 1 | |
| Ziggurat | 7 | |
| Altar of Darkness | 1 | |
| Tomb of Relics | 1 | |
| Nerubian Tower | 1 | |
| Halls of the Dead | 1 | |
| Necropolis | 2 | |
| Black Citadel | 1 | |
| Sacrificial Pit | 1 | |
| Boneyard | 2 | |
19 total
» build order
00:17 Graveyard
00:20 Crypt
00:40 Ziggurat
00:57 Altar of Darkness
01:11 Tomb of Relics
02:02 Ziggurat
02:13 Nerubian Tower
04:01 Halls of the Dead
04:23 Ziggurat
05:43 Necropolis
07:09 Ziggurat
09:15 Black Citadel
10:02 Sacrificial Pit
10:40 Ziggurat
10:41 Ziggurat
10:41 Ziggurat
12:23 Boneyard
12:24 Boneyard
19:49 Necropolis
» items
| Rod of Necromancy | 2 | |
| Scroll of Town Portal | 5 | |
| Orb of Corruption | 2 | |
9 total
XXXstrategyXXX (
yellow | 42 APM | 2374 actions | 56:25)
10 Mountain King
3 Storm Bolt
3 Bash
1 Avatar
3 Thunder Clap
» actions
| Assign group hotkey | 89 | |
| Basic commands | 252 | |
| Build / train | 129 | |
| Enter build submenu | 80 | |
| Enter hero's abilities submenu | 10 | |
| Give item / drop item | 9 | |
| Remove unit from queue | 3 | |
| Right click | 915 | |
| Select / deselect | 448 | |
| Select group hotkey | 248 | |
| Use ability | 190 | |
2374 total
» units
| Peasant | 15 | |
| Footman | 4 | |
| Goblin Shredder | 1 | |
| Goblin Sapper | 2 | |
| Gryphon Rider | 17 | |
39 total
» upgrades
| Masonry | 3 | |
| Swords | 3 | |
| Armor | 3 | |
| Storm Hammers | 1 | |
| Animal War Training | 1 | |
| Cloud | 1 | |
12 total
» buildings
| Altar of Kings | 1 | |
| Barracks | 1 | |
| Farm | 6 | |
| Scout Tower | 71 | |
| Arcane Tower | 1 | |
| Arcane Vault | 2 | |
| Keep | 1 | |
| Town Hall | 5 | |
| Lumber Mill | 1 | |
| Guard Tower | 20 | |
| Castle | 1 | |
| Blacksmith | 2 | |
| Gryphon Aviary | 6 | |
118 total
» build order
00:38 Altar of Kings
00:39 Barracks
00:55 Farm
01:13 Farm
01:14 Farm
01:20 Farm
01:29 Scout Tower
02:08 Arcane Tower
02:45 Farm
03:22 Arcane Vault
03:41 Keep
04:50 Town Hall
04:53 Scout Tower
04:53 Scout Tower
04:54 Scout Tower
04:54 Scout Tower
05:01 Lumber Mill
05:31 Scout Tower
05:33 Scout Tower
05:37 Scout Tower
05:44 Farm
06:42 Guard Tower
07:08 Guard Tower
07:09 Guard Tower
08:08 Castle
08:14 Blacksmith
08:17 Blacksmith
08:21 Gryphon Aviary
08:25 Gryphon Aviary
08:30 Gryphon Aviary
11:06 Guard Tower
12:24 Guard Tower
15:38 Scout Tower
15:38 Scout Tower
15:39 Scout Tower
15:43 Scout Tower
15:50 Scout Tower
15:54 Scout Tower
15:59 Scout Tower
16:00 Scout Tower
16:00 Scout Tower
16:04 Scout Tower
16:21 Guard Tower
16:24 Scout Tower
16:28 Guard Tower
16:45 Guard Tower
16:53 Guard Tower
17:29 Town Hall
17:34 Scout Tower
17:34 Scout Tower
17:34 Scout Tower
17:35 Scout Tower
18:26 Guard Tower
19:08 Scout Tower
19:08 Scout Tower
19:09 Scout Tower
19:11 Scout Tower
19:12 Scout Tower
19:13 Scout Tower
20:17 Guard Tower
20:19 Scout Tower
20:43 Scout Tower
20:44 Scout Tower
20:44 Scout Tower
20:56 Guard Tower
23:00 Arcane Vault
23:43 Scout Tower
23:43 Scout Tower
23:44 Scout Tower
23:44 Scout Tower
23:46 Scout Tower
23:55 Scout Tower
24:04 Scout Tower
24:04 Scout Tower
24:04 Scout Tower
24:05 Scout Tower
24:05 Scout Tower
24:16 Guard Tower
24:50 Guard Tower
25:21 Gryphon Aviary
25:24 Gryphon Aviary
25:26 Gryphon Aviary
29:25 Town Hall
29:37 Scout Tower
29:37 Scout Tower
29:38 Scout Tower
29:38 Scout Tower
29:41 Scout Tower
29:42 Scout Tower
29:43 Scout Tower
29:45 Scout Tower
29:46 Scout Tower
29:47 Scout Tower
29:47 Scout Tower
29:48 Scout Tower
29:51 Scout Tower
33:11 Town Hall
33:15 Scout Tower
33:15 Scout Tower
33:16 Scout Tower
33:17 Scout Tower
33:19 Scout Tower
33:19 Scout Tower
33:20 Scout Tower
33:20 Scout Tower
33:21 Scout Tower
33:43 Guard Tower
33:44 Guard Tower
33:49 Scout Tower
33:49 Scout Tower
33:51 Scout Tower
33:52 Scout Tower
33:53 Scout Tower
34:10 Guard Tower
34:29 Guard Tower
34:29 Guard Tower
36:18 Guard Tower
44:43 Town Hall
» items
| Scroll of Regeneration | 14 | |
| Boots of Speed | 1 | |
| Periapt of Vitality | 1 | |
| Staff of Teleportation | 2 | |
| Potion of Healing | 4 | |
| Lesser Clarity Potion | 4 | |
| Potion of Mana | 1 | |
| Scroll of Town Portal | 9 | |
| Potion of Invisibility | 1 | |
| Healing Salve | 1 | |
| Scroll of Healing | 1 | |
| Orb of Corruption | 1 | |
40 total
Velgan (
red | 44 APM | 2152 actions | 49:24)
7 Blademaster
3 Wind Walk
3 Critical Strike
1 Bladestorm
4 Tauren Chieftain
2 Endurance Aura
2 Shockwave
» actions
| Assign group hotkey | 78 | |
| Basic commands | 95 | |
| Build / train | 119 | |
| ESC pressed | 1 | |
| Enter build submenu | 22 | |
| Enter hero's abilities submenu | 11 | |
| Give item / drop item | 1 | |
| Remove unit from queue | 20 | |
| Right click | 863 | |
| Select / deselect | 376 | |
| Select group hotkey | 405 | |
| Use ability | 161 | |
2152 total
» units
| Peon | 16 | |
| Grunt | 4 | |
| Wind Rider | 4 | |
| Troll Batrider | 23 | |
| Raider | 1 | |
48 total
» upgrades
| Pillage | 0 | |
| Armor | 2 | |
| Berserker Strength | 1 | |
| Ranged Weapons | 3 | |
| Liquid Fire | 1 | |
| Envenomed Spears | 1 | |
8 total
» buildings
| Altar of Storms | 1 | |
| Orc Burrow | 7 | |
| Barracks | 1 | |
| Voodoo Lounge | 2 | |
| Stronghold | 4 | |
| War Mill | 1 | |
| Beastiary | 2 | |
| Great Hall | 1 | |
| Fortress | 1 | |
| Watch Tower | 4 | |
24 total
» build order
00:10 Altar of Storms
00:13 Orc Burrow
00:35 Barracks
01:36 Voodoo Lounge
02:28 Orc Burrow
03:12 Stronghold
03:13 Stronghold
03:13 Stronghold
03:13 Stronghold
04:10 War Mill
05:42 Beastiary
05:46 Beastiary
05:55 Orc Burrow
06:59 Orc Burrow
07:33 Great Hall
12:20 Fortress
12:33 Orc Burrow
14:12 Watch Tower
15:43 Watch Tower
18:12 Watch Tower
20:10 Orc Burrow
20:44 Orc Burrow
21:08 Watch Tower
23:29 Voodoo Lounge
» items
| Healing Salve | 6 | |
| Lesser Clarity Potion | 11 | |
| Scroll of Speed | 1 | |
| Scroll of Town Portal | 4 | |
| Orb of Lightning | 1 | |
23 total
team 2 (winner)
huangxuben (
pink | 79 APM | 2895 actions | 36:50)
6 Far Seer
3 Feral Spirit
3 Chain Lighting
5 Shadow Hunter
2 Hex
3 Serpent Ward
» actions
| Assign group hotkey | 83 | |
| Basic commands | 182 | |
| Build / train | 103 | |
| Enter build submenu | 24 | |
| Enter hero's abilities submenu | 11 | |
| Give item / drop item | 6 | |
| Remove unit from queue | 1 | |
| Right click | 888 | |
| Select / deselect | 529 | |
| Select group hotkey | 927 | |
| Use ability | 141 | |
2895 total
» units
| Peon | 26 | |
| Grunt | 3 | |
| Shaman | 5 | |
| Tauren | 19 | |
53 total
» upgrades
| Berserker Strength | 1 | |
| Shaman Training | 2 | |
| Melee Weapons | 2 | |
| Armor | 2 | |
| Pulverize | 1 | |
| Reinforced Defenses | 1 | |
9 total
» buildings
| Altar of Storms | 1 | |
| Orc Burrow | 16 | |
| Barracks | 1 | |
| Stronghold | 2 | |
| Voodoo Lounge | 1 | |
| War Mill | 1 | |
| Fortress | 3 | |
| Spirit Lodge | 1 | |
| Tauren Totem | 1 | |
| Great Hall | 1 | |
28 total
» build order
00:06 Altar of Storms
00:21 Orc Burrow
00:36 Barracks
01:59 Orc Burrow
02:36 Stronghold
02:36 Stronghold
02:41 Voodoo Lounge
03:46 Orc Burrow
03:51 War Mill
05:11 Fortress
05:11 Fortress
05:14 Spirit Lodge
05:59 Orc Burrow
07:31 Orc Burrow
07:36 Tauren Totem
14:02 Great Hall
14:46 Orc Burrow
15:47 Orc Burrow
16:05 Orc Burrow
17:48 Orc Burrow
18:00 Orc Burrow
18:05 Orc Burrow
18:21 Orc Burrow
23:22 Orc Burrow
25:51 Orc Burrow
25:55 Orc Burrow
27:37 Orc Burrow
» items
| Healing Salve | 4 | |
| Lesser Clarity Potion | 5 | |
| Scroll of Town Portal | 2 | |
| Scroll of Speed | 1 | |
| Potion of Mana | 1 | |
13 total
ogili (
teal | 70 APM | 3630 actions | 51:47)
6 Shadow Hunter
2 Hex
3 Healing Wave
1 Big Bad Voodoo
» actions
| Assign group hotkey | 18 | |
| Basic commands | 56 | |
| Build / train | 111 | |
| Enter build submenu | 25 | |
| Enter hero's abilities submenu | 6 | |
| Give item / drop item | 1 | |
| Remove unit from queue | 16 | |
| Right click | 2101 | |
| Select / deselect | 1072 | |
| Select group hotkey | 71 | |
| Use ability | 152 | |
3630 total
» units
| Peon | 16 | |
| Troll Headhunter/Berserker | 38 | |
| Troll Witch Doctor | 6 | |
60 total
» upgrades
| Ranged Weapons | 3 | |
| Armor | 2 | |
| Troll Regeneration | 1 | |
| Witch Doctor Training | 2 | |
| Berserker Upgrade | 1 | |
| Reinforced Defenses | 1 | |
| Spirit Walker Training | 2 | |
| Spiked Barricades | 0 | |
12 total
» buildings
| Altar of Storms | 1 | |
| Orc Burrow | 11 | |
| Barracks | 2 | |
| War Mill | 1 | |
| Stronghold | 1 | |
| Voodoo Lounge | 1 | |
| Fortress | 1 | |
| Spirit Lodge | 1 | |
| Watch Tower | 1 | |
20 total
» build order
00:10 Altar of Storms
00:13 Orc Burrow
00:21 Barracks
01:33 War Mill
02:08 Orc Burrow
02:39 Orc Burrow
04:47 Stronghold
06:05 Orc Burrow
06:11 Voodoo Lounge
07:00 Orc Burrow
07:38 Fortress
07:42 Spirit Lodge
10:48 Orc Burrow
15:42 Orc Burrow
15:46 Orc Burrow
15:49 Orc Burrow
16:07 Orc Burrow
18:16 Barracks
25:04 Watch Tower
25:13 Orc Burrow
» items
| Lesser Clarity Potion | 4 | |
| Healing Salve | 1 | |
| Potion of Mana | 1 | |
| Scroll of Speed | 2 | |
| Potion of Healing | 1 | |
| Scroll of Town Portal | 1 | |
| Scroll of Regeneration | 1 | |
| Tiny Great Hall | 2 | |
13 total
zapziro (
blue | 59 APM | 2062 actions | 35:03)
5 Mountain King
3 Storm Bolt
2 Bash
3 Paladin
1 Holy Light
1 Divine Shield
1 Devotion Aura
» actions
| Assign group hotkey | 28 | |
| Basic commands | 79 | |
| Build / train | 82 | |
| ESC pressed | 10 | |
| Enter build submenu | 21 | |
| Enter hero's abilities submenu | 8 | |
| Give item / drop item | 2 | |
| Right click | 488 | |
| Select / deselect | 245 | |
| Select group hotkey | 1002 | |
| Use ability | 97 | |
2062 total
» units
| Peasant | 22 | |
| Footman | 10 | |
| Knight | 1 | |
| Rifleman | 3 | |
| Siege Engine | 5 | |
41 total
» upgrades
| Defend | 1 | |
| Swords | 2 | |
| Plating | 3 | |
| Masonry | 2 | |
| Lumber Harvesting | 1 | |
| Animal War Training | 1 | |
| Gunpowder | 1 | |
| Long Rifles | 1 | |
| Barrage | 1 | |
13 total
» buildings
| Lumber Mill | 1 | |
| Farm | 9 | |
| Altar of Kings | 1 | |
| Barracks | 2 | |
| Blacksmith | 2 | |
| Town Hall | 3 | |
| Keep | 1 | |
| Arcane Vault | 1 | |
| Castle | 1 | |
| Workshop | 2 | |
23 total
» build order
00:23 Lumber Mill
00:49 Farm
01:04 Altar of Kings
01:22 Barracks
01:36 Blacksmith
01:44 Farm
01:45 Farm
02:18 Farm
02:27 Barracks
02:52 Farm
04:45 Town Hall
06:01 Keep
07:14 Farm
07:14 Farm
07:16 Farm
07:17 Farm
07:30 Arcane Vault
09:38 Castle
11:02 Blacksmith
14:00 Workshop
14:04 Workshop
23:28 Town Hall
29:10 Town Hall
» items
| Scroll of Town Portal | 2 | |
| Lesser Clarity Potion | 5 | |
| Scroll of Regeneration | 1 | |
| Potion of Healing | 1 | |
| Potion of Mana | 1 | |
| Scroll of Speed | 1 | |
| Healing Salve | 2 | |
| Orb of Lightning | 1 | |
| Staff of Teleportation | 1 | |
15 total
OnlyEuropaKnows (
purple | 81 APM | 5364 actions | 66:19)
10 Blademaster
3 Wind Walk
3 Critical Strike
1 Bladestorm
3 Mirror Image
» actions
| Assign group hotkey | 86 | |
| Basic commands | 50 | |
| Build / train | 191 | |
| ESC pressed | 11 | |
| Enter build submenu | 113 | |
| Enter hero's abilities submenu | 10 | |
| Give item / drop item | 11 | |
| Right click | 1931 | |
| Select / deselect | 591 | |
| Select group hotkey | 1940 | |
| Use ability | 430 | |
5364 total
» units
| Peon | 33 | |
| Grunt | 10 | |
| Goblin Shredder | 4 | |
| Troll Batrider | 22 | |
| Wind Rider | 6 | |
75 total
» upgrades
| Pillage | 2 | |
| Berserker Strength | 1 | |
| Armor | 3 | |
| Troll Regeneration | 1 | |
| Reinforced Defenses | 1 | |
| Ranged Weapons | 3 | |
| Backpack | 1 | |
| Liquid Fire | 1 | |
| Envenomed Spears | 1 | |
| Spiked Barricades | 3 | |
| Berserker Upgrade | 1 | |
| Melee Weapons | 3 | |
| Burning Oil | 1 | |
| Ensnare | 1 | |
| War Drums Damage Increase | 1 | |
24 total
» buildings
| Altar of Storms | 2 | |
| Orc Burrow | 11 | |
| Barracks | 1 | |
| Voodoo Lounge | 2 | |
| Great Hall | 2 | |
| Stronghold | 9 | |
| War Mill | 1 | |
| Watch Tower | 75 | |
| Fortress | 1 | |
| Beastiary | 4 | |
108 total
» build order
00:07 Altar of Storms
00:10 Orc Burrow
00:22 Barracks
01:37 Orc Burrow
02:16 Voodoo Lounge
03:18 Orc Burrow
04:13 Great Hall
04:46 Stronghold
04:46 Stronghold
05:19 War Mill
06:52 Watch Tower
06:57 Watch Tower
06:58 Watch Tower
07:59 Watch Tower
08:02 Watch Tower
08:20 Watch Tower
09:27 Fortress
10:14 Watch Tower
10:20 Watch Tower
10:24 Watch Tower
10:27 Watch Tower
10:57 Watch Tower
10:58 Watch Tower
11:07 Beastiary
11:12 Beastiary
12:25 Watch Tower
12:29 Watch Tower
12:32 Orc Burrow
13:55 Watch Tower
13:55 Watch Tower
13:56 Watch Tower
14:15 Great Hall
14:42 Watch Tower
14:44 Watch Tower
15:10 Orc Burrow
15:18 Watch Tower
15:24 Beastiary
16:17 Altar of Storms
16:33 Beastiary
16:37 Orc Burrow
16:43 Watch Tower
16:46 Watch Tower
17:59 Watch Tower
18:00 Watch Tower
18:01 Watch Tower
18:02 Watch Tower
19:00 Watch Tower
19:02 Watch Tower
19:04 Watch Tower
19:07 Watch Tower
19:58 Watch Tower
20:56 Watch Tower
20:57 Watch Tower
21:01 Watch Tower
21:04 Watch Tower
22:59 Watch Tower
23:02 Watch Tower
23:15 Watch Tower
23:16 Watch Tower
23:19 Watch Tower
23:19 Watch Tower
23:21 Watch Tower
23:31 Watch Tower
23:36 Watch Tower
23:59 Watch Tower
24:03 Watch Tower
24:07 Watch Tower
25:06 Watch Tower
25:07 Watch Tower
25:14 Voodoo Lounge
27:00 Orc Burrow
28:02 Watch Tower
31:18 Watch Tower
32:18 Watch Tower
32:19 Watch Tower
32:20 Watch Tower
32:21 Watch Tower
33:31 Watch Tower
33:56 Watch Tower
35:02 Watch Tower
35:06 Watch Tower
35:53 Watch Tower
35:54 Watch Tower
35:55 Watch Tower
35:56 Watch Tower
35:57 Watch Tower
36:18 Watch Tower
36:23 Watch Tower
40:59 Orc Burrow
41:01 Orc Burrow
41:02 Orc Burrow
41:04 Orc Burrow
41:13 Watch Tower
41:14 Watch Tower
41:14 Watch Tower
41:15 Watch Tower
41:17 Stronghold
41:17 Stronghold
41:31 Watch Tower
41:52 Watch Tower
41:53 Watch Tower
41:54 Watch Tower
41:55 Watch Tower
41:56 Stronghold
41:57 Stronghold
» items
| Healing Salve | 13 | |
| Boots of Speed | 2 | |
| Lesser Clarity Potion | 10 | |
| Scroll of Town Portal | 6 | |
| Orb of Lightning | 1 | |
| Potion of Mana | 4 | |
| Tiny Great Hall | 2 | |
| Potion of Healing | 2 | |
40 total
Chat log
(00:10 / Allies) zapziro: heavy melee here
(00:15 / Allies) OnlyEuropaKnows: I got air
(00:18 / Allies) OnlyEuropaKnows: you guys get ground
(00:42 / Allies) huangxuben: i will have shamans
(00:53 / Allies) ogili: ill do headhunters
(01:02 / Allies) ogili: trolls
(01:09 / Allies) ogili: u get shamans and something
(01:47 / All) OnlyEuropaKnows: EYES LIKE LITTLE DREAMS
(01:48 / All) OnlyEuropaKnows: COME TRUE
(01:53 / All) OnlyEuropaKnows: WE ARE ALL
(01:55 / All) ogili: Oh-oh.
(01:55 / All) OnlyEuropaKnows: TREADING WATER
(02:03 / All) OnlyEuropaKnows: ESPECIALLY IN THE NEW
(02:04 / All) Velgan: omg raper is here
(02:09 / All) OnlyEuropaKnows: EUROPA
(02:22 / All) OnlyEuropaKnows: WITH ALL ITS SATELITES WILL SEE
(02:27 / All) OnlyEuropaKnows: THE BLOSSOMING OF THE JUDAS TREE
(02:34 / All) OnlyEuropaKnows: AND ALL INFIDELITY
(02:42 / All) ogili: da faq
(02:45 / All) ogili: is this nonesense?
(02:50 / All) OnlyEuropaKnows: ONLY EUROPA KNOWS
(02:51 / All) XXXstrategyXXX: Gold please? Lumber?
(02:52 / All) OnlyEuropaKnows: ONLY EUROPA KNOWS
(02:52 / All) Velgan: change drags rappero
(03:23 / All) OnlyEuropaKnows: ONLY EUROPA KNOWS
(03:48 / All) Velgan: thats must be amazing ;)
(05:12 / Allies) OnlyEuropaKnows: why did you take my green camp?
(08:28 / Allies) zapziro: help
(08:31 / Allies) ogili: running
(08:57 / Allies) zapziro: tp mates
(09:32 / Allies) zapziro: wtf why so late tp
(10:09 / Allies) zapziro: play single player if you play like that
(10:14 / Allies) zapziro: bullshit
(10:17 / Allies) OnlyEuropaKnows: Shut the fuck up
(10:18 / Allies) ogili: i came 1st
(10:30 / Allies) ogili: lost my hero and got like 4-5 grunts with my units lol
(10:51 / Allies) zapziro: should i be happy about that?
(10:53 / Allies) zapziro: ...
(10:58 / Allies) ogili: ITS ALIVE
(10:59 / Allies) ogili: SO YES.
(11:17 / Allies) zapziro: no in relation to the costs ...
(11:25 / Allies) OnlyEuropaKnows: Shut the fuck up.
(11:31 / Allies) ogili: can we just focus?
(11:38 / Allies) zapziro: sure orc bobby
(11:44 / Allies) ogili: b
(11:45 / Allies) ogili: with unit
(11:53 / All) XXXstrategyXXX: this'll be a blast
(12:18 / All) ogili: lol
(12:23 / Allies) zapziro: it's alive
(12:24 / Allies) zapziro: sure
(12:37 / Allies) zapziro: you see how
(13:30 / Allies) zapziro: ty
(14:23 / Allies) zapziro: troll
(15:26 / Allies) ogili: NO ONE CAME TO HELP
(15:27 / Allies) ogili: IDIOTS
(15:28 / Allies) ogili: MORONS
(15:30 / Allies) ogili: FAGGOTS
(15:34 / Allies) OnlyEuropaKnows: Why are you upset?
(15:36 / Allies) ogili: RETARDS
(15:39 / Allies) ogili: I HAVE 0 FOOD!!!!!
(15:42 / Allies) OnlyEuropaKnows: There is no need to be upset man
(15:45 / Allies) zapziro: i would if i got aa
(15:48 / Allies) OnlyEuropaKnows: then go to your local grocery store
(17:09 / All) XXXstrategyXXX: BURROW BURROW BURROW
(17:10 / Allies) ogili: BLUE U MORON
(17:11 / All) XXXstrategyXXX: I MADE YOU OUT OF CLAY
(19:17 / Allies) zapziro: share gold if possible
(19:52 / Allies) zapziro: omg
(19:56 / Allies) ogili: SOMEONE HELP HIM
(19:57 / Allies) ogili: IDIOTS
(20:03 / Allies) ogili: THERES
(20:05 / Allies) ogili: A FUCKING TP THERE
(20:14 / Allies) OnlyEuropaKnows: tp
(20:22 / Allies) huangxuben: no hero
(20:33 / Allies) OnlyEuropaKnows: ty teal
(20:40 / Allies) ogili: NP ANY TIME
(20:47 / Allies) zapziro: such a joke
(20:52 / Allies) zapziro: for an exe you tp
(20:57 / Allies) zapziro: for a real base not ...
(21:03 / Allies) ogili: LOOK
(21:05 / Allies) ogili: HOW FAR AWAY I AM
(21:07 / Allies) ogili: BLAME PURP
(21:08 / Allies) ogili: HES BEHIND U
(21:08 / Allies) ogili: NOT E
(22:09 / Allies) zapziro: use bats nap
(23:11 / Allies) zapziro: some gold
(23:45 / Allies) huangxuben: together??
(25:43 / Allies) ogili: lol
(25:45 / Allies) ogili: WHO LET THAT?
(26:08 / All) zapziro: omg tower lamers ...
(26:28 / Allies) ogili: i need a new expo >_<
(26:37 / Allies) ogili: i mean like
(26:38 / Allies) ogili: a gold mine
(26:41 / Allies) ogili: i have tiny greathall
(27:05 / Allies) ogili: comming
(27:08 / Allies) huangxuben: tp?
(27:10 / Allies) ogili: no tp
(27:12 / Allies) ogili: TP ALL
(27:15 / Allies) ogili: IM COMMING
(27:15 / Allies) ogili: ASAP
(27:35 / Allies) ogili: WHERE IS EVERYONE???
(27:41 / Allies) zapziro: no
(28:56 / Allies) zapziro: 200 gold?
(29:11 / Allies) huangxuben: tp?
(29:14 / Allies) zapziro: ty
(29:25 / Allies) huangxuben: no gold now
(29:39 / Allies) ogili: PURP HAS
(29:40 / Allies) ogili: 2K GOLD
(29:42 / Allies) ogili: AND 2K WOOD
(29:46 / Allies) ogili: LOL PURPLE URE TERRIBLE
(29:50 / Allies) OnlyEuropaKnows: lol
(29:57 / Allies) ogili: THE WHOLE FUCKING GAME
(29:58 / Allies) ogili: DUDE
(29:59 / Allies) ogili: I GOT AAS
(30:01 / Allies) ogili: AA
(30:03 / Allies) ogili: U GET HEAVY MELEE
(30:05 / Allies) ogili: AS YOU SAID ULL GET
(30:13 / Allies) ogili: WAIT
(30:25 / Allies) zapziro: i said heavy melee
(30:33 / Allies) zapziro: and i have got knights and tanks
(30:53 / Allies) ogili: PURP
(30:55 / Allies) ogili: ATTACK HIS HERO
(30:55 / Allies) ogili: MORON
(31:07 / Allies) OnlyEuropaKnows: I don't want to kill yellow
(31:35 / Allies) ogili: 400 gold
(31:36 / Allies) huangxuben: gold plz for hero
(31:37 / Allies) ogili: FOR HERO
(32:22 / Allies) ogili: LOL
(32:24 / Allies) ogili: 400 GOLD FOR HERO
(32:27 / Allies) OnlyEuropaKnows: No
(32:27 / Allies) ogili: BEFORE ALTAR IS DOWN
(32:28 / Allies) OnlyEuropaKnows: You are rude
(32:34 / Allies) ogili: NO??
(32:35 / Allies) ogili: FUCK YOU PURPLE
(32:36 / Allies) ogili: URE TERRIBLE
(32:38 / Allies) OnlyEuropaKnows: lol
(32:42 / Allies) ogili: HE HAS
(32:43 / Allies) OnlyEuropaKnows: I don't appreciate that language
(32:44 / Allies) ogili: FUCKING
(32:48 / Allies) ogili: 4.9K GOLD
(32:49 / Allies) ogili: LOOK AT HIM
(32:51 / Allies) ogili: BLUE, PINK
(32:53 / Allies) ogili: LOOK AT HIM.
(32:55 / Allies) OnlyEuropaKnows: It isn't how you get someone to give you gold
(32:56 / Allies) huangxuben: purple gold plz
(32:58 / Allies) OnlyEuropaKnows: by talking like that
(33:01 / Allies) OnlyEuropaKnows: Say please
(33:02 / Allies) ogili: NO FUCK YOU PURPLE
(33:03 / Allies) OnlyEuropaKnows: with every letter
(33:05 / Allies) OnlyEuropaKnows: pink
(33:06 / Allies) ogili: GAME RUINER
(33:08 / Allies) ogili: IVE HAD IT
(33:10 / Allies) ogili: WITH FUCKING GAME RUINERS
(33:13 / Allies) OnlyEuropaKnows: Stop it
(33:16 / Allies) OnlyEuropaKnows: I'm not giving you gold
(33:16 / Allies) huangxuben: for hero
(33:19 / Allies) OnlyEuropaKnows: if you try to steal mine
(33:26 / Allies) OnlyEuropaKnows: Bad boy
(33:27 / Allies) OnlyEuropaKnows: bad
(33:28 / Allies) OnlyEuropaKnows: bad doggy
(33:41 / All) ogili: PURPLE HAS 6K GOLD
(33:42 / All) ogili: HES AWFUL
(33:44 / All) ogili: HES JUST.. AWFUL
(33:51 / Allies) huangxuben: what?
(33:53 / All) Shruicane: yellow got 9k is even moer
(34:03 / All) ogili: LOL
(34:04 / All) ogili: GUYS
(34:05 / All) XXXstrategyXXX: lucky blue
(34:06 / All) ogili: LOOK AT THEIR BUILD
(34:08 / All) ogili: THEY GOTTA BE LIKE
(34:11 / All) ogili: MATES OR SMTH
(34:16 / All) zapziro: stfu asshole
(34:18 / All) ogili: THEYRE FUCKING IDIOTS.
(34:25 / All) XXXstrategyXXX: If I was looking I would have bolted your ass
(34:34 / Allies) zapziro: why ta
(34:38 / Allies) zapziro: talking to yellow
(34:46 / Allies) OnlyEuropaKnows: You are all rude bad people
(34:47 / All) RefleXx: wanna a 1on1
(34:48 / Allies) zapziro: stupid bastard play solo
(34:49 / Allies) OnlyEuropaKnows: I don't like any of you
(34:52 / Allies) zapziro: mimi
(34:57 / Allies) zapziro: go and tell your mum
(34:59 / All) ogili: URE A SCUMBAG PURPLE
(35:00 / Allies) zapziro: shit asshole
(36:53 / All) ogili: the only difference between yellow and purple
(36:56 / All) ogili: is that yellow has an army
(36:59 / All) ogili: And purple aint got shit
(37:18 / All) OnlyEuropaKnows: I always forget gyros can see invis
(37:26 / All) ogili: WIND RIDERS?
(37:38 / All) ogili: lol
(37:42 / All) ogili: Ill fucking report you
(37:43 / All) OnlyEuropaKnows: Yes I can kill both you and the enemies with them
(37:45 / All) OnlyEuropaKnows: Go ahead
(37:47 / All) OnlyEuropaKnows: I get that a lot
(37:51 / All) ogili: nop
(37:53 / All) ogili: nope
(37:55 / All) ogili: i WILL report you
(37:58 / All) OnlyEuropaKnows: Go ahead lol
(38:00 / All) OnlyEuropaKnows: I don't doubt you
(38:04 / All) OnlyEuropaKnows: It won't do shit though
(38:11 / All) ogili: because u tk
(38:12 / All) OnlyEuropaKnows: What European slum are you from teal?
(38:13 / All) ogili: ure a scumbag
(38:18 / All) ogili: No screw you
(38:25 / All) Velgan: fuck u raper; d game over
(38:33 / All) ogili: Only europa knows
(38:35 / All) ogili: is a fucking spoof
(38:39 / All) ogili: thats why it wont do shit
(38:40 / All) OnlyEuropaKnows: Of who?
(38:40 / All) ogili: u fucking pussy
(39:12 / All) ogili: ure just a bad player purple
(39:15 / All) ogili: thats why i dont like you
(39:30 / All) ogili: yea, wind riders
(39:36 / All) ogili: Thats whatll stop those overleveled heroes
(39:40 / All) ogili: LOL
(40:06 / All) Velgan: cnin
(40:34 / All) Velgan: wtf yellow
(40:40 / Allies) ogili: check that
(40:41 / Allies) ogili: noob
(40:43 / All) XXXstrategyXXX: shut up
(40:45 / All) ogili: Are all your mines dry?
(40:48 / All) XXXstrategyXXX: you never built me a shop bitch
(40:54 / All) Shruicane: well yellow tks us
(40:59 / All) ogili: LOL
(41:03 / All) ogili: i told u
(41:06 / All) ogili: Purple and yellow
(41:08 / All) XXXstrategyXXX: Beggars get buried
(41:09 / All) ogili: Are gay mates
(41:13 / All) Shruicane: someone got kickhack?
(41:19 / All) ogili: NO :./
(41:36 / All) XXXstrategyXXX: Fucking mick
(41:36 / All) Velgan: its kid;)
(41:53 / All) Velgan: leave guysu lost
(42:05 / All) ogili: lol
(42:07 / All) ogili: do u even have MINES?
(42:09 / All) ogili: in like
(42:10 / All) Shruicane: you kids don't have to be in bed at this time?
(42:13 / All) ogili: do u have any gold
(42:15 / All) ogili: orange/red
(42:16 / All) ogili: green
(42:18 / All) ogili: do u have gold? lol
(42:20 / All) Shruicane: of course not
(42:29 / All) ogili: And how much does yellow have?
(42:34 / All) Shruicane: 3
(42:43 / All) Velgan: fucking yellow idiot maybe its time to finish them no team killing
(42:44 / All) ogili: 3k?
(42:53 / All) Shruicane: 14k
(43:01 / All) XXXstrategyXXX: Go eat a potato and shup up you bog nigger
(43:51 / All) ogili: I have 1 peon lol
(44:52 / Allies) ogili: expand
(45:08 / All) ogili: purp seems afk lol
(45:46 / All) ogili: oh wait
(45:47 / All) ogili: hes not
(46:06 / All) Velgan: leave guys we won
(47:13 / All) XXXstrategyXXX: No retreat
(47:17 / All) XXXstrategyXXX: Yes
(47:20 / All) XXXstrategyXXX: Sacrifice your bodies
(47:24 / All) ogili: Lmao
(47:33 / All) XXXstrategyXXX: No retreat, no surrender
(47:42 / All) XXXstrategyXXX: NO RETREAT
(47:43 / All) XXXstrategyXXX: NO SURRENDEr
(47:53 / All) ogili: i get it..
(47:56 / All) ogili: yellow is USSR
(48:00 / All) ogili: and purp is America
(48:09 / All) Velgan: stay in this cartoon network world yellow; ) good game
(48:14 / All) XXXstrategyXXX: I am no pinko commie swine
(48:16 / All) XXXstrategyXXX: best you remember that
(48:44 / All) ogili: yellow gold?
(49:43 / All) XXXstrategyXXX: NO RETREAT
(51:15 / All) ogili: lol
(51:18 / All) ogili: i bet purp and yellow
(51:21 / All) ogili: are on skype
(51:22 / All) ogili: Or smth
(51:57 / All) OnlyEuropaKnows: I checked chat log I came to check for a second
(52:00 / All) OnlyEuropaKnows: I'm not from the US
(52:01 / All) XXXstrategyXXX: Well that simplifies things
(52:06 / All) OnlyEuropaKnows: now back I go to the door again
(52:09 / All) OnlyEuropaKnows: fucking people at the door
(52:27 / All) XXXstrategyXXX: NO RETREAT
(52:30 / All) XXXstrategyXXX: GET BACK HERE LAZY BONES
(52:37 / All) XXXstrategyXXX: YOU SIGNED YOUR DEATH WARRANT
(53:58 / All) XXXstrategyXXX: What are you two doing
(54:03 / All) XXXstrategyXXX: Fight
(55:03 / All) XXXstrategyXXX: Who shall lose?
(55:32 / All) XXXstrategyXXX: red was 2-5
(55:36 / All) XXXstrategyXXX: orange had decent record
(56:14 / All) XXXstrategyXXX: I think orange can get a loss
(56:17 / All) XXXstrategyXXX: he has the best record here